 Seeded DCSS version 0.30-a0-883-g5ad918d77d (webtiles) character file.

Game seed: 7547814903460644772 (custom seed)

0 tkbsonic5 the Sneak (level 1, 0/10 HPs)
             Began as a Felid Delver on Mar 16, 2023.
             Was an Initiate of Ru.
             Slain by a gnoll
             ... wielding a +0 whip
             ... led by a gnoll bouda
              (7 damage)
             ... on level 4 of the Dungeon.
             The game lasted 00:03:40 (103 turns).

tkbsonic5 the Sneak (Felid Delver)                   Turns: 103, Time: 00:03:41

Health: 0/10       AC:  1    Str:  8    XL:     1   Next: 0%
Magic:  2/2        EV: 17    Int: 11    God:    Ru [......]
Gold:   0          SH:  0    Dex: 17    Spells: 0/0 levels left
                                        Lives:  0   Deaths: 0

rFire   . . .      SeeInvis +      - Unarmed
rCold   . . .      Faith    .    (shield unavailable)
rNeg    . . .      Spirit   .    (body armour unavailable)
rPois   .          Reflect  .    (helmet unavailable)
rElec   .          Rampage  .    (cloak unavailable)
rCorr   .                        (gloves unavailable)
Will    .....                    (boots unavailable)
Stlth   +++                      (no amulet)
HPRegen 0.21/turn                (no ring)
MPRegen 0.08/turn                (no ring)

@: quick
A: very small, claws 1, fangs 3, see invisible, speed 1, shaggy fur 1, stealthy
paws, no weapons or thrown items, no armour, multi-lived
a: Renounce Religion


You were on level 4 of the Dungeon.
You worshipped Ru.
Ru was noncommittal.
You visited 1 branch of the dungeon, and saw 3 of its levels.

Inventory:

Wands
 c - a wand of mindburst (14)
 e - a wand of digging (2)
Potions
 d - a potion of haste
 f - 2 potions of flight {unknown}


   Skills:
 * Level 3.0 Fighting
 - Level 2.6 Dodging
 * Level 6.6 Stealth
 * Level 2.0 Unarmed Combat


You couldn't memorise any spells.
You didn't know any spells.
Your spell library was empty.

Dungeon Overview and Level Annotations

Branches:
Dungeon (6/15)             Temple (0/1) D:6

Altars:
Elyvilon
Gozag
Okawaru
Ru

Annotations:
D:5 Ijyb


Innate Abilities, Weirdness & Mutations

You have sharp claws.
You have razor-sharp teeth.
You have supernaturally acute eyesight. (SInv)
You cover ground quickly. (Speed+)
You are covered in fur. (AC +1)
Your paws help you pounce on unaware monsters.
You are incapable of wielding weapons or throwing items.
You cannot wear armour.
You gain extra lives every three experience levels.


Message History

Ijyb zaps a wand.
You suddenly lose the ability to move!
A gnoll bouda comes into view. It is wielding a +0 club.
Ijyb zaps a wand.
You resist with significant effort.
The gnoll bouda barks out a call to the hunt!
The gnoll picks up the pace!
You hear a shout!
You can move again.
Unknown command.
As you read the scroll of magic mapping, it crumbles to dust.
You feel aware of your surroundings.
You sensed 2 altars.
The gnoll closely misses you.
Ijyb zaps a wand.
You resist with significant effort.
A gnoll comes into view. It is wielding a +0 whip.
Found a stone staircase leading up.
The gnoll shouts!
A gnoll comes into view. It is wielding a +0 halberd.
A gnoll comes into view. It is wielding a +0 spear.
The gnoll attacks as you move away!
The gnoll hits you with a +0 flail of protection.
Ouch! That really hurt!
The kobold throws a stone.
The stone misses you.
You open the door. The gnoll misses you. The gnoll closely misses you.
The gnoll barely misses you.
There is an open door here.
Found 6 stones.
The gnoll misses you.
The gnoll is no longer moving quickly.
The gnoll attacks as you move away! The gnoll misses you.
The gnoll is no longer moving quickly.
There is a stone staircase leading up here.
The gnoll is no longer moving quickly.
You climb upwards.
You hear the sound of rushing water.
There is an entrance to a sewer on this level.
Hurry and find it before the portal rusts away!
Found 3 stones and a spear.
There is a stone staircase leading down here.
As you read the scroll of fog, it crumbles to dust.
The scroll dissolves into smoke.
The gnoll hits you with a +0 whip!
Ouch! That really hurt!
You die...

#B ...
#.### ..#
#....
..## #
#.... ...
......
K.##
#.#§. ...
#...§#§#
#...§@§#
#....§§g#
##.r...##
#....##
......
###.###
#. #


You could see a gnoll, a quokka (asleep), a giant cockroach (asleep) and a
kobold (asleep).

Vanquished Creatures (others)
  3 toadstools (D:5)
3 creatures vanquished.

Notes
Turn   | Place    | Note
-------+----------+-------------------------------------------
     0 | D:5      | tkbsonic5 the Felid Delver began the quest for the Orb.
     0 | D:5      | Reached XP level 1. HP: 10/10 MP: 2/2
    20 | D:5      | Became a worshipper of Ru the Awakened
    28 | D:6      | Noticed a hound
    42 | D:6      | Found a staircase to the Ecumenical Temple.
    53 | D:5      | Noticed a sleepcap
    72 | D:5      | Noticed Ijyb
    82 | D:5      | Noticed a kobold brigand
    82 | D:5      | Paralysed by Ijyb for 2 turns
    82 | D:5      | Noticed a gnoll bouda
   103 | D:4      | Slain by a gnoll

Illustrated notes

Levels and vault maps discovered:
D:4:      layout_loops_corners, grunt_temple_overflow_order_and_chaos_2,
          kennysheep_mini_moat, nemelex_xobeh_ov_fountains_minmay,
          gup_sewer_entry_spiral, uniq_robin, uniq_edmund, uniq_duvessa
D:5:      layout_basic, grunt_temple_overflow_growth_and_decay,
          nicolae_overflow_hidden_temple, minivault_23,
          minmay_gold_behind_fungi, uniq_ijyb
D:6:      layout_cave_pods, mainiacjoe_overflow_catwalk, kennysheep_slug_shrine,
          minmay_temple_entry_grid, uniq_menkaure, uniq_pikel

Action                     || total
---------------------------++-------
  Evoke: Wand              ||     1
    Use: Scroll            ||     3
  Dodge: Dodged            ||     7

Table legend: (Time is in decaauts)
 A = Elapsed time spent in this place.
 B = Non-inter-level travel time spent in this place.
 C = Inter-level travel time spent in this place.
 D = Time resting spent in this place.
 E = Time spent auto-exploring this place.
 F = Levels seen in this place.
 G = Mean time per level.
                   A        B        C        D        E       F      G
               +--------+--------+--------+--------+--------+-----+--------+
         Total |     86 |     86 |      0 |      0 |      4 |   3 |   28.7 |
       Dungeon |     86 |     86 |      0 |      0 |      4 |   3 |   28.7 |
               +--------+--------+--------+--------+--------+-----+--------+

Top non-repeatable levels by time:
     D:5: 72 daAuts
     D:6: 13 daAuts
     D:4: 0 daAuts
